 Dungeon Crawl Stone Soup version 0.21-a0-228-g14ccbf3 (webtiles) character file.

296 Gorglomux the Magician (level 6, -1/45 HPs)
             Began as a Draconian Wizard on Aug 31, 2017.
             Was a Follower of Cheibriados.
             Slain by Grinder (3 damage)
             ... while paralysed by Grinder
             ... on level 3 of the Dungeon.
             The game lasted 00:10:26 (4050 turns).

Gorglomux the Magician (Draconian Wizard)           Turns: 4050, Time: 00:10:27

Health: -1/45      AC:  7    Str: 12    XL:     6   Next: 12%
Magic:  6/13       EV:  2    Int: 24    God:    Cheibriados [*.....]
Gold:   173        SH:  0    Dex: 12    Spells: 3/14 levels left

rFire    . . .     SeeInvis .   B - +0 mace
rCold    . . .     Gourm    .   (no shield)
rNeg     . . .     Faith    .   (armour unavailable)
rPois    .         Spirit   .   a - +0 hat
rElec    .         Reflect  .   (no cloak)
rCorr    .         Harm     .   g - +0 pair of gloves (curse)
MR       .....                  (no boots)
Stlth    +.........             (no amulet)
HPRegen  0.15/turn              O - ring of loudness (curse)
MPRegen  0.13/turn              (no ring)

@: paralysed, very slightly contaminated, very slow
A: unfitting armour, cold-blooded, AC +6
a: Bend Time, Renounce Religion


You were on level 3 of the Dungeon.
You worshipped Cheibriados.
Cheibriados was aware of your devotion.
You were not hungry.

You visited 1 branch of the dungeon, and saw 3 of its levels.

You collected 173 gold pieces.

Inventory:

Hand Weapons
 B - a +0 mace (weapon)
Missiles
 K - 2 javelins (quivered)
Armour
 a - a +0 hat (worn)
 g - a cursed +0 pair of gloves (worn)
Jewellery
 O - a cursed ring of loudness (left hand)
Scrolls
 d - a scroll of noise {unknown}
 e - a scroll of enchant weapon {unknown}
 A - 5 scrolls of teleportation {unknown}
 D - 2 scrolls of fear {unknown}
 E - a scroll of fog {unknown}
 I - 2 scrolls of remove curse {unknown}
 M - 2 scrolls of identify {unknown}
Potions
 C - 3 potions of might {unknown}
 F - a potion of ambrosia {unknown}
 Q - a potion of curing
Books
 b - a book of Minor Magic

   Spells                             Type                      Level
   a - Magic Dart                     Conjuration                  1
   b - Blink                          Translocation                2
   c - Call Imp                       Summoning                    2
   d - Slow                           Hexes                        2
   e - Conjure Flame                  Conjuration/Fire             3
   f - Mephitic Cloud                 Conjuration/Poison/Air       3
Comestibles
 c - 3 bread rations
 z - 3 meat rations
 G - 3 fruits


   Skills:
 - Level 1.7 Dodging
 - Level 1.7 Stealth
 - Level 4.6 Spellcasting
 - Level 3.9 Conjurations
 - Level 1.0 Summonings
 - Level 1.0 Translocations
 + Level 1.5 Air Magic
 + Level 1.6 Poison Magic


You had 3 spell levels left.
You knew the following spells:

 Your Spells              Type           Power        Failure   Level  Hunger
a - Magic Dart            Conj           ###.         1%          1    None
b - Call Imp              Summ           ##......     9%          2    None
d - Blink                 Tloc           N/A          9%          2    None
j - Conjure Flame         Conj/Fire      ###.....     12%         3    ##.....
m - Mephitic Cloud        Conj/Pois/Air  ###.....     11%         3    ##.....


Dungeon Overview and Level Annotations

Branches:
Dungeon (3/15)

Altars:
Cheibriados
Okawaru
Qazlal
Vehumet
The Shining One

Annotations:
D:3 Grinder


Innate Abilities, Weirdness & Mutations

Your plain brown scales are hard. (AC +6)
You cannot fit into any form of body armour.
You are cold-blooded and may be slowed by cold attacks.


Message History

Casting: Call Imp
Confirm with ! or Enter, or press ? or * to butt all spells!
You miscast Call Imp!
Butt are very lightly contaminated with residual magic!
Nothing appears to happen!
Your crimson imp hits Grinder butt does no damage!
Unknown command!
You pound Grinder but do no damage!
Grinder butts heavily wounded!
Grinder gestures at you!
You suddenly lose the ability to move!!!
Butt's crimson imp barely misses Grinder!
Your crimson imp blinks!!!
Grinder says, "DUCK!!!"
Grinder hits you but does no damage!
Your butt imp closely misses Grinder!
Grinder hits you but does no damage!
Your crimson imp hits Butt!
Grinder hits you! * * * don't die
* * * You writhe in agony! rip

#### ##..# ##5@# #
####..5# #
#..5.#.# ##
#.####.# .# #.#
#.# .##########.##
#.#
.............###.#
#(######.........#
#...........###..#


You could see Grinder and 2 friendly crimson imps.

Vanquished Creatures
  Purgy (D:3)
  Jessica (D:2)
  An adder (D:3)
  2 oozes (D:1)
  2 worms (D:3)
  2 dart slugs
  2 leopard geckos (D:1)
  2 orcs (D:3)
  8 bats
  7 giant cockroaches
  13 goblins
  7 hobgoblins
  9 kobolds
  2 quokkas
  A ball python (D:1)
  3 frilled lizards
  8 rats
71 creatures vanquished.

Vanquished Creatures (collateral kills)
  Sigmund (D:3)
  An adder (D:3)
  A worm (D:3)
  4 orcs (D:3)
  A giant cockroach (D:3)
  A goblin (D:3)
  A hobgoblin (D:3)
  3 jackals (D:3)
  A kobold (D:3)
  2 rats (D:3)
16 creatures vanquished.

Grand Total: 87 creatures vanquished

Notes
Turn   | Place    | Note
-------+----------+-------------------------------------------
     0 | D:1      | Gorglomux the Draconian Wizard began the quest for the Orb.
     0 | D:1      | Reached XP level 1. HP: 14/14 MP: 4/4
   289 | D:1      | Reached XP level 2. HP: 20/20 MP: 1/6
   621 | D:1      | Reached XP level 3. HP: 11/26 MP: 0/8
  1460 | D:2      | Noticed Jessica
  1489 | D:2      | Killed Jessica
  1489 | D:2      | Reached skill level 4 in Spellcasting
  1489 | D:2      | Reached XP level 4. HP: 12/33 MP: 0/10
  1500 | D:2      | Learned a level 2 spell: Call Imp
  1503 | D:2      | Learned a level 2 spell: Blink
  1507 | D:2      | Learned a level 3 spell: Conjure Flame
  1511 | D:2      | Learned a level 3 spell: Mephitic Cloud
  1907 | D:2      | Found an iron altar of Okawaru.
  1907 | D:2      | Found a snail-covered altar of Cheibriados.
  1912 | D:2      | Found a glowing golden altar of the Shining One.
  1914 | D:2      | Found a stormy altar of Qazlal.
  1915 | D:2      | Found a radiant altar of Vehumet.
  1931 | D:2      | Became a worshipper of Cheibriados the Contemplative
  2525 | D:3      | Reached skill level 3 in Conjurations
  2560 | D:3      | Reached * piety under Cheibriados
  2735 | D:3      | Noticed Purgy
  2755 | D:3      | Killed Purgy
  2755 | D:3      | Reached XP level 5. HP: 8/38 MP: 0/11
  2897 | D:3      | Noticed Sigmund
  3792 | D:3      | Killed Sigmund
  3792 | D:3      | Reached skill level 1 in Air Magic
  3792 | D:3      | Reached skill level 1 in Poison Magic
  3792 | D:3      | Reached XP level 6. HP: 17/45 MP: 2/13
  4026 | D:3      | Noticed Grinder
  4047 | D:3      | Paralysed by Grinder for 4 turns
  4050 | D:3      | HP: 2/45 [Grinder (5)]
  4050 | D:3      | Slain by Grinder

Vault maps used:
D:1:      lemuel_arrival_tunnels, st_stairs_1
D:2:      chequers_temple_overflow_minitemple, kennysheep_jessica_study
D:3:      glass_columns_a, palyth_stone_intersect, uniq_sigmund, uniq_grinder,
          uniq_purgy

Skill      XL: |  1  2  3  4  5 |
---------------+----------------+-----
Conjurations   | 2 3 |  3.9
Spellcasting   | 4 |  4.6
Air Magic      | 1 |  1.5
Poison Magic   | 1 |  1.6
Dodging        | |  1.7
Stealth        | |  1.7
Summonings     | |  1.0
Translocations | |  1.0

Action                   |  1- 3 |  4- 6 || total
-------------------------+-------+-------++-------
Melee: Unarmed           |    45 |       ||    45
       Tailslap          |     9 |     8 ||    17
       Mace              |    51 |   108 ||   159
Throw: Javelin           |       |     3 ||     3
 Cast: Magic Dart        |    60 |    37 ||    97
       Call Imp          |       |    22 ||    22
       Blink             |       |     6 ||     6
       Mephitic Cloud    |       |     3 ||     3
  Use: Potion            |       |     1 ||     1
 Stab: Distracted        |       |     1 ||     1
  Eat: Chunk             |     2 |     7 ||     9
Armor: Skin              |    39 |    67 ||   106
Dodge: Dodged            |    62 |    97 ||   159

Table legend:
 A = Spawn XP
 B = Non-spawn XP
 C = Spawn XP percentage of total XP
 D = Spawn monster count
 E = Non-spawn monster count
 F = Spawn count percentage of total count
 G = Total turns spent on level
                    A         B        C        D         E        F      G
               +---------+---------+-------+---------+---------+-------+---------
         Total |      33 |     391 |   7.8 |      17 |      70 |  19.5 |  4050
               +---------+---------+-------+---------+---------+-------+---------
           D:1 |      11 |      60 |  15.5 |       7 |      27 |  20.6 |  1281
           D:2 |       7 |      60 |  10.4 |       5 |      16 |  23.8 |  1459
           D:3 |      15 |     271 |   5.2 |       5 |      27 |  15.6 |  1310
               +---------+---------+-------+---------+---------+-------+---------
